 Dungeon Crawl Stone Soup version 0.29-a0-575-g0dc89cf053 (webtiles) character file.

Game seed: 12412711514694840629

30 spaghetti the Magician (level 3, 0/42 HPs)
             Began as a Gnoll Wanderer on June 12, 2022.
             Was a Follower of Elyvilon.
             Succumbed to a goblin's poison
             ... on level 2 of the Dungeon.
             The game lasted 00:01:49 (1640 turns).

spaghetti the Magician (Gnoll Wanderer)             Turns: 1640, Time: 00:01:50

Health: 0/42       AC:  9    Str: 10    XL:     3   Next: 20%
Magic:  8/11       EV: 12    Int: 12    God:    Elyvilon [*.....]
Gold:   93         SH:  5    Dex: 13    Spells: 13/16 levels left

rFire   . . .      SeeInvis .   f - +0 short sword (protect) {short}
rCold   . . .      Faith    .   b - +0 buckler
rNeg    . . .      Spirit   .   d - +0 robe
rPois   .          Reflect  .   (no helmet)
rElec   .          Harm     .   (no cloak)
rCorr   .          Rampage  .   (no gloves)
Will    .....                   (no boots)
Stlth   ..........              (no amulet)
HPRegen 0.14/turn               (no ring)
MPRegen 0.12/turn               (no ring)

@: berserking, lethally poisoned (0 -> -5), about to teleport, under a
protective aura, flying, very slightly contaminated, hasted, very quick
A: fangs 1, strong nose, distributed training
a: Renounce Religion, Purification


You were on level 2 of the Dungeon.
You worshipped Elyvilon.
Elyvilon was aware of your devotion.
You visited 1 branch of the dungeon, and saw 2 of its levels.

You collected 93 gold pieces.


Innate Abilities, Weirdness & Mutations

You have very sharp teeth.
Your uncanny sense of smell can sniff out nearby items.
Your experience applies equally to all skills.


   Skills:
 + Level 2.5 Fighting
 + Level 0.6 Short Blades
 + Level 0.6 Long Blades
 + Level 0.6 Axes
 + Level 0.6 Maces & Flails
 + Level 0.6 Polearms
 + Level 0.6 Staves
 + Level 0.6 Slings
 + Level 0.6 Bows
 + Level 0.6 Crossbows
 + Level 0.6 Throwing
 + Level 2.5 Armour
 + Level 2.5 Dodging
 + Level 0.6 Stealth
 + Level 4.5 Shields
 + Level 2.5 Unarmed Combat
 + Level 7.1 Spellcasting
 + Level 0.4 Conjurations
 + Level 0.4 Hexes
 + Level 0.4 Summonings
 + Level 0.4 Necromancy
 + Level 0.4 Translocations
 + Level 0.4 Transmutations
 + Level 0.4 Fire Magic
 + Level 0.4 Ice Magic
 + Level 0.4 Air Magic
 + Level 0.4 Earth Magic
 + Level 0.4 Poison Magic
 + Level 0.8 Invocations
 + Level 0.6 Evocations


You had 13 spell levels left.
You knew the following spells:

 Your Spells              Type           Power      Damage    Failure   Level
a - Freeze                Ice            20%        1d4       17%         1
b - Blink                 Tloc           10%        N/A       26%         2

Your spell library contained the following spells:

 Spells                   Type           Power      Damage    Failure   Level
 Poisonous Vapours        Pois/Air       10%        N/A       26%         2
 Static Discharge         Conj/Air       5%         N/A       26%         2
 Confusing Touch          Hex            5%         N/A       45%         3
 Mephitic Cloud           Conj/Pois/Air  5%         N/A       45%         3
 Corpse Rot               Necr/Pois/Air  5%         N/A       86%         4
 Manifold Assault         Tloc           5%         N/A       99%         5
 Storm Form               Tmut/Air       2%         N/A       100%        7

Inventory:

Hand Weapons
 a - a +0 dagger {short}
 f - a +0 short sword of protection (weapon) {short}
   (You found it on level 1 of the Dungeon)
Missiles
 h - 129 stones {throwing}
Armour
 b - a +0 buckler (worn)
 d - a +0 robe (worn)
Scrolls
 g - 2 scrolls of magic mapping {unknown}
 i - 2 scrolls of fear {unknown}
 j - a scroll of identify {unknown}
 m - a scroll of noise {unknown}

Dungeon Overview and Level Annotations

Branches:
Dungeon (2/15)

Altars:
Elyvilon

Annotations:
D:2 Robin

#############
#...........### #
#.##.##........
#.##.##.##.###.###
...............@.#
.........#.###.#)#
∆ .........#.#
#.#.# ...#.#...#.#
#.#g# .. #.#...#.#
#.#g# ∆ .
#.....#.###.#g#
#...........#g#
###.....#####g#
#.#..##


#gg You could see a hobgoblin (strong) and 4 goblins.


Message History

Confirm with . or Enter, or press ? or * to list all spells.
Aiming: Freeze (safe; 17% risk of failure)
Press: ? - help, Shift-Dir - straight line, f - goblin
Aim: a goblin, wielding a +0 club (strong)
You freeze the goblin.
You kill the goblin!
You feel sick. Robin throws the goblin at you!
The goblin hits you but does no damage.
You are more poisoned.
The goblin misses you. 😮 HP[-1] MP[-1]
You take 1 damage, and now have 20/28 hp.
You lost 1 mp, and now have 10/11 mp.
Casting: Freeze (safe; 17% risk of failure)
Confirm with . or Enter, or press ? or * to list all spells.
Aiming: Freeze (safe; 17% risk of failure)
Press: ? - help, Shift-Dir - straight line, f - goblin
Aim: a goblin, wielding a +0 dagger (strong)
You miscast Freeze.
You are very lightly contaminated with residual magic.
Nothing appears to happen.
You feel very sick. The goblin hits you with a +0 dagger.
* * * LOW HITPOINT WARNING * * *
The goblin barely misses you. 😨 HP[-8] MP[-1]
You take 8 damage, and now have 12/28 hp.
MASSIVE DAMAGE!! (PAUSE)
You lost 1 mp, and now have 9/11 mp.
Okay, then.
It was a potion of haste.
You feel yourself speed up.
* * * LOW HITPOINT WARNING * * *
You feel sick.
A hobgoblin comes into view.
The goblin barely misses you. x2 😨 HP[-2]
You take 2 damage, and now have 10/28 hp.
It was a potion of flight.
You feel very buoyant.
You fly up into the air.
* * * LOW HITPOINT WARNING * * *
You feel sick. 😨 HP[-2]
You take 2 damage, and now have 8/28 hp.
Unknown command.
You feel purified!
You can no longer heal and attempt to pacify others.
The goblin hits you with a +0 dagger.
* * * LOW HITPOINT WARNING * * *
You block the goblin's attack. 😱 HP[-3] MP[-2]
You take 3 damage, and now have 5/28 hp.
You lost 2 mp, and now have 7/11 mp.
As you read the scroll of teleportation {@r4}, it crumbles to dust.
You feel strangely unstable.
A hobgoblin comes into view.
You block the goblin's attack. The goblin completely misses you.
Unknown command.
Okay, then.
Really quaff
c - a potion of berserk rage {!q}?
A red film seems to cover your vision as you go berserk!
You feel yourself moving faster!
You feel mighty! 😱 HP[+3]
You now have 42 max hp (+14).
You regained 3 hp, and now have 8/42 hp.
Unknown command.
You barely miss the goblin. You block the goblin's attack.
The goblin hits you with a +2 dagger of venom.
* * * LOW HITPOINT WARNING * * *
You are lethally poisoned! 😱 HP[-4]
You take 4 damage, and now have 4/42 hp.
Unknown command.
Unknown command.
Unknown command.
You hit the goblin.
Your weapon exudes an aura of protection.
You kill the goblin!
* * * LOW HITPOINT WARNING * * *
You feel sick. You block the goblin's attack. 😱 HP[-2]
You take 2 damage, and now have 2/42 hp.
Unknown command.
Unknown command.
Unknown command.
* * * LOW HITPOINT WARNING * * *
You feel sick.
Things that are here:
a +0 dagger {short}; a +0 club {mace}; a goblin corpse 😱 HP[-1] MP[+1]
You take 1 damage, and now have 1/42 hp.
Unknown command.
Unknown command.
Unknown command.
Unknown command.
There is a lethal amount of poison in your body!
Unknown command.
Unknown command.
You feel a strong urge to attack something.
You die...

Action                   || total
-------------------------++-------
Melee: Dagger            ||    19
       Bite              ||     8
       Short sword       ||    20
 Cast: Freeze            ||    21
Invok: Purification      ||     1
  Use: Potion            ||     3
       Scroll            ||     1
 Stab: Sleeping          ||     1
Armor: Robe              ||    12
Dodge: Dodged            ||    22
Block: Buckler           ||    15

Levels and vault maps discovered:
D:1:      dpeg_arrival_radiant, layout_basic,
          shapermc_ecumenical_altar_acropolis, minivault_25
D:2:      layout_loops_ring, hangedman_glass_teeth, uniq_robin

Notes
Turn   | Place    | Note
-------+----------+-------------------------------------------
     0 | D:1      | spaghetti the Gnoll Wanderer began the quest for the Orb.
     0 | D:1      | spaghetti set off with the following items: a +0 dagger
                  | {short}, a +0 buckler, a potion of berserk rage {!q}, a +0
                  | robe, a scroll of teleportation {@r4}; and the following
                  | spell memorised: Freeze; and the following spells available
                  | to memorise: Static Discharge, Confusing Touch, Mephitic
                  | Cloud
     0 | D:1      | Reached XP level 1. HP: 17/17 MP: 8/8
     0 | D:1      | magus.rc [v1.9.6]
   274 | D:1      | Reached XP level 2. HP: 14/23 MP: 3/10
   659 | D:1      | You add the spells Blink, Manifold Assault and Storm Form
                  | to your library.
   664 | D:1      | Found a faded altar of an unknown god.
   671 | D:1      | Prayed at the altar of an unknown god.
   671 | D:1      | Became a worshipper of Elyvilon the Healer
   671 | D:1      | Reached * piety under Elyvilon
  1122 | D:1      | You pick up a book of Vapours and begin reading...
  1122 | D:1      | You add the spells Poisonous Vapours and Corpse Rot to your
                  | library.
  1556 | D:2      | Reached XP level 3. HP: 27/28 MP: 11/11
  1559 | D:2      | Learned a level 2 spell: Blink
  1617 | D:2      | Reached ** piety under Elyvilon
  1626 | D:2      | Noticed Robin
  1634 | D:2      | HP: 5/28 [goblin/+0 dagger[Robin] (3)]
  1638 | D:2      | HP: 2/42 [poisoned by a goblin]
  1640 | D:2      | Succumbed to a goblin's poison

Vanquished Creatures
  An adder (D:2)
  A dart slug (D:1)
  7 endoplasms (D:1)
  4 goblins
  A hobgoblin (D:2)
  A quokka (D:1)
  A ball python (D:1)
  A frilled lizard (D:1)
  A rat (D:1)
18 creatures vanquished.

Table legend:
 A = Non-vault XP
 B = Vault XP
 C = Vault XP percentage of total XP
 D = Non-vault monster count
 E = Vault monster count
 F = Vault count percentage of total count
                 A         B        C        D         E       F
            +---------+---------+-------+---------+---------+-------
      Total |      42 |       2 |   4.5 |      16 |       2 |  11.1
            +---------+---------+-------+---------+---------+-------
        D:1 |      27 |       0 |   0.0 |      14 |       0 |   0.0
        D:2 |      15 |       2 |  11.8 |       2 |       2 |  50.0
            +---------+---------+-------+---------+---------+-------

Illustrated notes

Table legend:
 A = Kills in this place as a percentage of kills in entire the game.
 B = Kills by you in this place as a percentage of kills by you in the entire game.
 C = Kills by friends in this place as a percentage of kills by friends in the entire game.
 D = Other kills in this place as a percentage of other kills in the entire game.
 E = Experience gained in this place as a percentage of experience gained in the entire game.
 F = Experience gained in this place divided by the number of levels of this place that you have seen.
                   A       B       C       D       E      F
               +-------+-------+-------+-------+-------+----------------------
         Total | 100.0 | 100.0 |   N/A |   N/A | 100.0 |  22.0
       Dungeon | 100.0 | 100.0 |   N/A |   N/A | 100.0 |  22.0
               +-------+-------+-------+-------+-------+----------------------

Table legend: (Time is in decaauts)
 A = Elapsed time spent in this place.
 B = Non-inter-level travel time spent in this place.
 C = Inter-level travel time spent in this place.
 D = Time resting spent in this place.
 E = Time spent auto-exploring this place.
 F = Levels seen in this place.
 G = Mean time per level.
                   A        B        C        D        E       F      G
               +--------+--------+--------+--------+--------+-----+--------+
         Total |   1640 |   1617 |     23 |      0 |   1467 |   2 |  820.0 |
       Dungeon |   1640 |   1617 |     23 |      0 |   1467 |   2 |  820.0 |
               +--------+--------+--------+--------+--------+-----+--------+

Top non-repeatable levels by time:
     D:1: 1302 daAuts
     D:2: 337 daAuts
